 Dungeon Crawl Stone Soup version 0.26-a0-651-gb41185065b (webtiles) character file.

Game seed: 15520747023320426559

(classic levelgen) 2180 EnegeticOcto the Cleaver (level 9, -18/82 HPs)
             Began as a Deep Dwarf Fighter on Oct 22, 2020.
             Was a Follower of Ashenzari.
             Killed from afar by an orc sorcerer (23 damage)
             ... with a bolt of fire
             ... led by an orc high priest
             ... on level 1 of the Orcish Mines.
             The game lasted 00:09:13 (1336 turns).

EnegeticOcto the Cleaver (Deep Dwarf Fighter)       Turns: 1336, Time: 00:09:13

Health: -18/82     AC: 13    Str: 20    XL:     9   Next: 11%
Magic:  7/7        EV:  3    Int: 12    God:    Ashenzari [*.....]
Gold:   223        SH:  9    Dex: 12    Spells: 17/17 levels left

rFire    . . .     SeeInvis +   v - +2 short sword (vamp)
rCold    . . .     Faith    .   c - +0 kite shield (curse)
rNeg     . . .     Spirit   .   t - +0 plate armour
rPois    .         Reflect  .   f - +0 helmet (curse)
rElec    .         Harm     .   (no cloak)
rCorr    .         Rampage  .   i - +0 pair of gloves
MR       +....                  (no boots)
Stlth    ..........             (no amulet)
HPRegen  0.00/turn              b - ring of see invisible
MPRegen  0.10/turn              (no ring)

@: non-regenerating, lightly drained
A: damage resistance, heal wounds, sense surroundings 2, no regeneration
a: Heal Wounds, Curse Item, Scrying, Renounce Religion


You were on level 1 of the Orcish Mines.
You worshipped Ashenzari.
Ashenzari was aware of your devotion.
You visited 3 branches of the dungeon, and saw 12 of its levels.

You collected 223 gold pieces.

Inventory:

Hand Weapons
 a - a +0 war axe
 v - a +2 vampiric short sword (weapon)
Missiles
 l - a throwing net (quivered)
Armour
 c - a cursed +0 kite shield (worn)
 f - a cursed +0 helmet (worn)
 g - a +0 chain mail
 i - a +0 pair of gloves (worn)
 t - a +0 plate armour (worn)
Jewellery
 b - a ring of see invisible (left hand)
Wands
 q - a wand of digging (5) {@v3}
 r - a wand of iceblast (6) {@v2}
Scrolls
 e - a scroll of noise {unknown}
 h - a scroll of magic mapping {unknown}
 o - a scroll of random uselessness {unknown}
 p - a scroll of teleportation {@r3}
 s - a scroll of enchant weapon {unknown}
Potions
 d - a potion of might {@q3}
 j - a potion of berserk rage
 k - a potion of magic
 m - a potion of lignification
 n - a potion of invisibility
 u - 2 potions of curing {unknown}


   Skills:
 + Level 6.0(5.6) Fighting
 * Level 9.9(9.5) Axes
 - Level 3.2(2.9) Armour
 - Level 3.2(2.9) Shields
 + Level 4.6(4.3) Spellcasting


You had 17 spell levels left.
You didn't know any spells.
Your spell library was empty.

Dungeon Overview and Level Annotations

Branches:
Dungeon (10/15)            Temple (1/1) D:5            Lair (0/6) D:8
    Orc (1/2) D:10

Altars:
Ashenzari
Cheibriados
Dithmenos
Fedhas
Gozag
Hepliaklqana
Kikubaaqudgha
Makhleb
Okawaru
Sif Muna
Trog
Uskayaw
Vehumet
Wu Jian
Xom
Yredelemnul
Zin
The Shining One

Annotations:
D:6 Prince Ribbit


Innate Abilities, Weirdness & Mutations

You are resistant to damage.
You can heal yourself by infusing magical energy.
You passively map the area around you.
You do not regenerate.


Message History

The troll claws you but does no damage.
You slash the troll!
The troll is severely wounded.
The troll bites you but does no damage.
The troll claws you but does no damage. x2
You slash the troll!
The troll is almost dead.
The troll bites you but does no damage. You block the troll's attack.
The troll claws you.
You closely miss the troll.
The troll is almost dead.
The troll bites you but does no damage. You block the troll's attack.
The troll claws you but does no damage.
Your shield prevents you from hitting the troll.
The troll is almost dead.
You block the troll's attack. The troll claws you.
The troll claws you but does no damage.
You barely miss the troll.
The troll is severely wounded.
You block the troll's attack. The troll claws you but does no damage.
The troll claws you.
You closely miss the troll.
The troll is severely wounded.
The troll bites you!
The troll claws you but does no damage. x2
You hit the troll but do no damage.
The troll is severely wounded.
The troll bites you but does no damage. The troll claws you but does no damage.
You block the troll's attack.
Your magical essence is drained by the effort!
You feel much better. The troll bites you but does no damage.
You block the troll's attack. x2
You slash the troll!
You kill the troll!
Your Fighting skill increases to level 6!
You have reached level 9!
Your experience leads to an increase in your attributes!
Increase (s)trength, (i)ntelligence, or (d)exterity?
You feel stronger.
Your attunement to dungeon structure grows.
Okay, then.
You feel a sense of dread.
v - a +2 vampiric short sword (weapon)
You closely miss the orc sorcerer.
The orc sorcerer hits you but does no damage. x2
You closely miss the orc sorcerer. You block the orc sorcerer's attack.
You hit the orc sorcerer.
You feel better.
The orc sorcerer is lightly wounded.
The orc sorcerer hits you but does no damage.
You hit the orc sorcerer but do no damage.
The orc sorcerer is lightly wounded.
The orc sorcerer mumbles some strange words.
You hit the orc sorcerer.
The orc sorcerer is moderately wounded.
The orc sorcerer hits you but does no damage.
The red devil hops backward while attacking.
You block the red devil's attack.
You hit the orc sorcerer but do no damage.
The orc sorcerer is moderately wounded.
The orc sorcerer hits you but does no damage.
You block the orc sorcerer's attack. The red devil barely misses you.
You hit the orc sorcerer.
You feel better.
The orc sorcerer is moderately wounded.
The orc sorcerer gestures wildly while chanting.
You block the red devil's attack.
You closely miss the orc sorcerer.
The orc sorcerer is moderately wounded.
The orc sorcerer hits you but does no damage.
You block the red devil's attack.
You puncture the orc sorcerer!
The orc sorcerer is heavily wounded.
The orc sorcerer hits you but does no damage.
The red devil hits you from afar with a +0 trident!!
You hit the orc sorcerer.
You feel better.
The orc sorcerer is severely wounded.
The orc sorcerer barely misses you. The soul eater hits you!
You feel drained. You block the red devil's attack.
The orc sorcerer gestures wildly while chanting.
You hit the orc sorcerer.
You feel better.
The orc sorcerer is severely wounded.
The soul eater draws from the surrounding life force!
The red devil hits you from afar with a +0 trident.
* * * LOW HITPOINT WARNING * * *
The orange demon stings you.
The orange demon hits you but does no damage.
The orc sorcerer hits you but does no damage.
You feel much better. The soul eater hits you!
The red devil hits you from afar with a +0 trident!
* * * LOW HITPOINT WARNING * * *
The orc sorcerer hits you but does no damage.
The orange demon stings you.
* * * LOW HITPOINT WARNING * * *
The orange demon hits you but does no damage.
You miss the orc sorcerer.
The orc sorcerer is severely wounded.
The soul eater hits you!
* * * LOW HITPOINT WARNING * * *
The red devil hits you from afar with a +0 trident.
* * * LOW HITPOINT WARNING * * *
The orc sorcerer gestures at you while chanting.
The bolt of fire hits you!!
You die...

* * #####* ### ##...# , ,
* *,..., ### ##....## ,
....,##.# #......# ,
,..$..*... ###......####
, , ....##.#
#......#....## *
#..44####.....##<....#
**,,,
*###...3@##.....####.....
,
#.....o###......#......#
,
#...###.#.............##
, .... #.....#.........##
, .. ##.....#........## *
#....$..#.#....## *
#...#...#.#.#.##
#.......T....#####
.....#.##o....#


You could see a soul eater (summoned), an orange demon (summoned), an orc
sorcerer and a red devil (summoned).

Vanquished Creatures
  A troll (Orc:1)
  A spriggan (D:9)
  A warg (Orc:1)
  A water moccasin (D:8)
  2 orc warriors (D:10)
  A phantom (D:6)
  3 ogres
  A centaur (D:9)
  5 bullfrogs
  2 scorpions
  3 hounds
  2 orc priests (D:10)
  7 orc wizards
  3 worker ants
  A hound skeleton (D:6)
  4 gnolls (D:8)
  3 adders
  An ooze (D:5)
  A worm (D:3)
  4 leopard geckos
  32 orcs
  A bat (D:3)
  A giant cockroach (D:9)
  3 goblins
  3 hobgoblins
  3 jackals (D:6)
  A kobold (D:3)
  A frilled lizard (D:3)
  A rat (D:1)
93 creatures vanquished.

Notes
Turn   | Place    | Note
-------+----------+-------------------------------------------
     0 | D:1      | EnegeticOcto the Deep Dwarf Fighter began the quest for the
                  | Orb.
     0 | D:1      | Reached XP level 1. HP: 20/20 MP: 1/1
   102 | D:1      | Reached skill level 3 in Axes
   102 | D:1      | Reached XP level 2. HP: 21/27 MP: 2/2
   185 | D:3      | Found a broken altar of Ashenzari.
   199 | D:3      | Became a worshipper of Ashenzari the Shackled
   311 | D:4      | Reached XP level 3. HP: 30/33 MP: 2/2
   322 | D:4      | Noticed a phantom
   327 | D:5      | Entered Level 5 of the Dungeon
   327 | D:5      | Found a staircase to the Ecumenical Temple.
   345 | Temple   | Entered the Ecumenical Temple
   455 | D:6      | Found a shadowy altar of Dithmenos.
   455 | D:6      | Found a blossoming altar of Fedhas.
   455 | D:6      | Found an ancient bone altar of Kikubaaqudgha.
   455 | D:6      | Found a basalt altar of Yredelemnul.
   475 | D:6      | Noticed a phantom
   480 | D:6      | Reached skill level 4 in Axes
   522 | D:5      | Reached XP level 4. HP: 35/40 MP: 2/4
   563 | D:6      | Noticed a bullfrog
   573 | D:6      | Killed a bullfrog
   573 | D:6      | Reached skill level 5 in Axes
   573 | D:6      | Reached skill level 1 in Spellcasting
   573 | D:6      | Reached XP level 5. HP: 33/49 MP: 5/5
   582 | D:6      | Found a hide-covered altar of Uskayaw.
   615 | D:6      | Killed a phantom
   647 | D:7      | Reached XP level 6. HP: 52/56 MP: 6/6
   666 | D:6      | Noticed Prince Ribbit
   687 | D:8      | Noticed a water moccasin
   693 | D:8      | Reached skill level 6 in Axes
   704 | D:8      | Killed a water moccasin
   726 | D:7      | Reached * piety under Ashenzari
   726 | D:7      | Noticed a two-headed ogre
   742 | D:8      | Found a staircase to the Lair.
   759 | D:8      | Reached XP level 7. HP: 33/64 MP: 8/8
   793 | D:8      | Reached skill level 7 in Axes
   931 | D:8      | Found a glowing silver altar of Zin.
   931 | D:8      | Found an opulent altar of Gozag.
   981 | D:9      | Found a shimmering altar of Xom.
   990 | D:9      | Reached XP level 8. HP: 68/73 MP: 7/9
  1010 | D:9      | Reached skill level 8 in Axes
  1039 | D:9      | You fall into a shaft and drop 1 floor!
  1039 | D:10     | Entered Level 10 of the Dungeon
  1075 | D:10     | Reached skill level 5 in Fighting
  1174 | D:9      | Reached skill level 9 in Axes
  1197 | D:10     | Found a staircase to the Orcish Mines.
  1267 | Orc:1    | Entered Level 1 of the Orcish Mines
  1281 | Orc:1    | Noticed a troll
  1282 | Orc:1    | Noticed an orc sorcerer
  1322 | Orc:1    | Killed a troll
  1322 | Orc:1    | Gained mutation: You passively map the area around you.
                  | [Deep Dwarf growth]
  1322 | Orc:1    | Reached XP level 9. HP: 57/82 MP: 7/7
  1328 | Orc:1    | Noticed a red devil
  1331 | Orc:1    | Noticed a soul eater
  1334 | Orc:1    | Noticed an orange demon
  1336 | Orc:1    | Killed from afar by an orc sorcerer

Illustrated notes

Levels and vault maps discovered:
D:1:      dpeg_arrival_refuge, layout_rooms
D:2:      layout_loops_ring, lemuel_doored_altar, serial_forest,
          infiniplex_forest_end_2, infiniplex_forest_lined_corner,
          infiniplex_forest_lined_room_2, infiniplex_forest_corner_1,
          infiniplex_forest_clump_curved, infiniplex_forest_zigzag_1,
          infiniplex_forest_straight_2, infiniplex_forest_diagonal,
          infiniplex_forest_clump_cross, uniq_terence
D:3:      layout_loops_ring, overflow_temple_1_default
D:4:      layout_basic, nicolae_ru_awakened_eye, fountainhead
D:5:      layout_loops_ring, overflow_temple_1_default,
          minmay_temple_entry_large_hall, serial_rivers,
          chequers_serial_rivers_small_b, chequers_serial_rivers_room_a,
          chequers_serial_rivers_marsh, chequers_serial_rivers_micro_a
D:6:      layout_gridville, eat_drink_and_be_merry_uskayaw,
          grunt_temple_overflow_open, uniq_sigmund, uniq_prince_ribbit1
D:7:      layout_basic, hangedman_abyss_or_decor_passed
D:8:      layout_layer_cave, grunt_temple_overflow_gold_and_silver,
          lair_entry_dummy
D:9:      kb_forest_paths, layout_basic, nemelex_xobeh_ov_fountains_minmay,
          tgw_xom, grunt_ministairs_9, minmay_hollow_rounded_squares
D:10:     layout_basic, hiddenorc2_lemuel, minmay_guarded_unrand_finisher,
          uniq_snorg
Temple:   jpeg_temple_island
Orc:1:    layout_diamond_mine, basic_altar, serial_shops, shop

Skill      XL: |  1  2  3  4  5  6  7  8 |
---------------+-------------------------+-----
Axes           | 3 4 5 6 7 9 |  9.9
Fighting       | 3 4 6 |  6.0
Spellcasting   | 1 2 3 4 |  4.6
Armour         | |  3.2
Shields        | |  3.2

Action                   |  1- 3 |  4- 6 |  7- 9 || total
-------------------------+-------+-------+-------++-------
Melee: War axe           |    79 |    71 |   211 ||   361
       Short sword       |       |       |    12 ||    12
Invok: Curse Item        |     1 |       |       ||     1
 Abil: Heal Wounds       |     1 |     3 |    20 ||    24
  Use: Scroll            |     2 |     1 |     2 ||     5
       Potion            |       |       |     1 ||     1
Armor: Chain mail        |    78 |    72 |    58 ||   208
       Plate armour      |       |       |   117 ||   117
Dodge: Dodged            |    28 |    33 |    51 ||   112
Block: Kite shield       |    79 |    59 |   139 ||   277

Table legend: (Time is in decaauts)
 A = Elapsed time spent in this place.
 B = Non-inter-level travel time spent in this place.
 C = Inter-level travel time spent in this place.
 D = Time resting spent in this place.
 E = Time spent auto-exploring this place.
 F = Levels seen in this place.
 G = Mean time per level.
                   A        B        C        D        E       F      G
               +--------+--------+--------+--------+--------+-----+--------+
         Total |   1437 |   1378 |     59 |      0 |      0 |  12 |  119.8 |
       Dungeon |   1309 |   1275 |     34 |      0 |      0 |  10 |  130.9 |
        Temple |     54 |     29 |     25 |      0 |      0 |   1 |   54.0 |
  Orcish Mines |     72 |     72 |      0 |      0 |      0 |   1 |   72.0 |
               +--------+--------+--------+--------+--------+-----+--------+

Top non-repeatable levels by time:
     D:8: 251 daAuts
    D:10: 210 daAuts
     D:9: 162 daAuts
     D:6: 161 daAuts
     D:3: 153 daAuts
     D:1: 143 daAuts
     D:5: 127 daAuts
   Orc:1: 72 daAuts
  Temple: 54 daAuts
     D:7: 45 daAuts
     D:4: 34 daAuts
     D:2: 18 daAuts
